 Dungeon Crawl Stone Soup version 0.26.1-11-gd32895ea62 (webtiles) character file.

Game seed: 13059645865246435466

58 bigdumb the Covered (level 3, -8/31 HPs)
             Began as a Demigod Fighter on June 19, 2021.
             Mangled by a worm (13 damage)
             ... on level 2 of the Dungeon.
             The game lasted 00:02:02 (1504 turns).

bigdumb the Covered (Demigod Fighter)               Turns: 1504, Time: 00:02:02

Health: -8/31      AC:  8    Str: 21    XL:     3   Next: 51%
Magic:  5/5        EV:  7    Int: 12    God:
Gold:   93         SH:  9    Dex: 15    Spells: 2/2 levels left

rFire    . . .     SeeInvis .   a - +0 long sword
rCold    . . .     Faith    .   c - +0 kite shield
rNeg     . . .     Spirit   .   b - +0 scale mail
rPois    .         Reflect  .   (no helmet)
rElec    .         Harm     .   (no cloak)
rCorr    .         Rampage  .   m - +0 pair of gloves
Will     .....                  (no boots)
Stlth    ..........             (no amulet)
HPRegen  0.10/turn              (no ring)
MPRegen  0.09/turn              (no ring)

@: mighty
A: high mp 1
a: no special abilities


You were on level 2 of the Dungeon.
You visited 1 branch of the dungeon, and saw 2 of its levels.

You collected 93 gold pieces.

Inventory:

Hand Weapons
 a - a +0 long sword (weapon)
 q - a +0 rapier
Armour
 b - a +0 scale mail (worn)
 c - a +0 kite shield (worn)
 m - a +0 pair of gloves (worn)
Jewellery
 o - an uncursed ring of protection from cold {unknown}
Scrolls
 e - a scroll of noise {unknown}
 f - 2 scrolls of remove curse {unknown}
 g - a scroll of identify {unknown}
 h - a scroll of fog {unknown}
 i - a scroll of random uselessness {unknown}
 j - a scroll of immolation {unknown}
 k - a scroll of enchant armour {unknown}
 n - a scroll of amnesia {unknown}
Potions
 l - a potion of flight {unknown}
 p - a potion of haste {unknown}


   Skills:
 + Level 3.0 Fighting
 + Level 2.4 Long Blades
 + Level 3.2 Armour
 + Level 0.3 Dodging
 + Level 3.1 Shields


You had 2 spell levels left.
You didn't know any spells.
Your spell library was empty.

Dungeon Overview and Level Annotations

Branches:
Dungeon (2/15)


Innate Abilities, Weirdness & Mutations

You have an increased reservoir of magic. (+10% MP)


Message History

* * * LOW HITPOINT WARNING * * *
You slash the worm!
The worm is heavily wounded.
You block the worm's attack.
You slash the worm!
The worm is almost dead.
The rat is no longer berserk.
The worm bites you but does no damage.
You hit the worm but do no damage.
The worm is almost dead.
You block the worm's attack.
You feel very mighty all of a sudden.
The worm is no longer berserk.
You slash the worm!
You kill the worm!
You slash the worm!
The worm is heavily wounded.
The worm bites you.
* * * LOW HITPOINT WARNING * * *
The worm bites you!
You die...

#.....# #.####### ##.....#####
######.##....###
...._......####...####.......##
##.....###.##.......#.......))#
#.....# #...†.....##....#....#
###.### #.........##r..###..).
#.# ###..#.rw..ww..#y#._.. #.#
#..##w####...###.... #..
#..##@# #....#...)# . #..##.#
#.........#
#........##.......##
....###.######....### ## #.#
###### #.# #.# # #.# # #.#


You could see 2 worms and a rat (slow).

Vanquished Creatures
  2 adders (D:2)
  A worm (D:2)
  A dart slug (D:1)
  A ball python (D:2)
  4 giant cockroaches
  4 goblins
  3 hobgoblins (D:1)
  6 kobolds
  3 bats
  3 frilled lizards
  8 rats
36 creatures vanquished.

Notes
Turn   | Place    | Note
-------+----------+-------------------------------------------
     0 | D:1      | bigdumb the Demigod Fighter began the quest for the Orb.
     0 | D:1      | Reached XP level 1. HP: 18/18 MP: 3/3
   297 | D:1      | Reached XP level 2. HP: 25/25 MP: 4/4
  1091 | D:2      | Reached XP level 3. HP: 26/31 MP: 5/5
  1423 | D:2      | Found a shadowy altar of Dithmenos.
  1472 | D:2      | Noticed a moth of wrath
  1474 | D:2      | Found a bloodstained altar of Trog.
  1504 | D:2      | Mangled by a worm

Illustrated notes

Levels and vault maps discovered:
D:1:      kennysheep_arrival_seaside, layout_loops_ring, minmay_misc_feat_x
D:2:      layout_loops_corners, nicolae_overflow_crystal_walls,
          chequers_ecumenical_altar_lobes, minivault_4, tgw_trog

Skill      XL: |  1  2 |
---------------+-------+-----
Armour         | 3 |  3.2
Fighting       | 3 |  3.0
Long Blades    | 2 |  2.4
Shields        | 3 |  3.1
Dodging        | |  0.3

Action                   || total
-------------------------++-------
Melee: Long sword        ||   117
  Use: Potion            ||     1
Armor: Scale mail        ||    63
Dodge: Dodged            ||    39
Block: Kite shield       ||    58
       Rpst.: Long sword ||    13
